 Dungeon Crawl Stone Soup version 0.27-a0-1434-g6f15984924 (webtiles) character file.

Game seed: 17895554730879645966

39 funkygono the Charlatan (level 3, 0/20 HPs)
             Began as a Gargoyle Artificer on July 3, 2021.
             Slain by a jackal (2 damage)
             ... on level 2 of the Dungeon.
             The game lasted 00:04:00 (2395 turns).

funkygono the Charlatan (Gargoyle Artificer)        Turns: 2395, Time: 00:04:01

Health: 0/20       AC:  8    Str: 16    XL:     3   Next: 47%
Magic:  3/3        EV: 10    Int: 11    God:
Gold:   27         SH:  0    Dex: 10    Spells: 2/2 levels left

rFire    . . .     SeeInvis .   a - +0 club
rCold    . . .     Faith    .   (no shield)
rNeg     + . .     Spirit   .   i - +0 ring mail
rPois    ∞         Reflect  .   (no helmet)
rElec    +         Harm     .   (no cloak)
rCorr    .         Rampage  .   (no gloves)
Will     .....                  (no boots)
Stlth    +.........             (no amulet)
HPRegen  0.06/turn              (no ring)
MPRegen  0.08/turn              (no ring)

@: no status effects
A: sickness immunity, AC +3, negative energy resistance 1, electricity
resistance, torment resistance 1, petrification resistance
a: no special abilities


You were on level 2 of the Dungeon.
You visited 1 branch of the dungeon, and saw 2 of its levels.

You collected 27 gold pieces.

Inventory:

Hand Weapons
 a - a +0 club (weapon)
Armour
 b - a +0 leather armour
 i - a +0 ring mail (worn)
Wands
 c - a wand of flame (13) (quivered)
 d - a wand of charming (10)
Potions
 f - a potion of degeneration {unknown}
 g - a potion of heal wounds {unknown}
 h - a potion of flight {unknown}
Miscellaneous
 e - a piece from Xom's chessboard (12/15)


   Skills:
 + Level 1.6 Fighting
 + Level 0.9 Maces & Flails
 + Level 2.7 Armour
 + Level 1.1 Dodging
 - Level 1.1 Stealth
 + Level 3.2 Evocations


You had 2 spell levels left.
You didn't know any spells.
Your spell library contained the following spells:

 Spells                   Type           Power      Damage    Failure   Level
 Stone Arrow              Conj/Erth      0%         3d7       89%         3
 Summon Lightning Spire   Summ/Air       0%         N/A       100%        4
 Summon Forest            Summ/Tloc      0%         N/A       100%        5
 Haunt                    Necr/Summ      0%         N/A       100%        7


Dungeon Overview and Level Annotations

Branches:
Dungeon (2/15)

Altars:

Shops:
D:1 (


Innate Abilities, Weirdness & Mutations

You are immune to sickness and miasma.
Your stone body is resilient. (AC +3)
You are immune to poison.
You resist negative energy. (rN+)
You are resistant to electric shocks. (rElec)
You are resistant to unholy torment.
You are immune to petrification.


Message History

The jackal barely misses you.
You hit the jackal but do no damage.
The jackal is heavily wounded.
The jackal bites you but does no damage.
The jackal closely misses you.
The jackal bites you but does no damage.
The jackal closely misses you.
You closely miss the jackal.
The jackal is heavily wounded.
The jackal stops glowing.
The jackal bites you. The jackal closely misses you. The jackal bites you.
The jackal misses you. The jackal closely misses you. The jackal bites you.
You closely miss the jackal.
The jackal is heavily wounded.
The jackal bites you.
* * * LOW HITPOINT WARNING * * *
The jackal bites you.
* * * LOW HITPOINT WARNING * * *
The jackal bites you but does no damage. x2
The jackal barely misses you.
You make a move on Xom's chessboard...
The jackal struggles to resist.
The jackal bites you but does no damage. x2
Unknown command.
Unknown command.
You make a move on Xom's chessboard...
The jackal seems to slow down.
The jackal bites you but does no damage.
Unknown command.
The jackal bites you but does no damage.
The jackal bites you but does no damage.
The jackal closely misses you.
The jackal bites you but does no damage.
The jackal barely misses you. The jackal closely misses you.
The jackal bites you.
* * * LOW HITPOINT WARNING * * *
An adder comes into view.
The adder hisses angrily.
The jackal barely misses you. The jackal bites you.
You die...

#...# #.....#.#..#..........
#####...# #.#........###...###..
........# #.#...#.##.........#.#
##.#....# #....).....#####.#.#.#
...##.######.#.))#..#.##.####.#.#
##.##.####...)..................#
#.##..#.#..)....#..#.#######....
##.###...#.#........<... #####
.........#.#.#hh@##....... #
...##....[.#h#..S......... #
...##........#...##.......
..........####............
......h#..####.#..........
....................# +#
#.†..##...####.......
....h##.(.#. ##..##..#
...............


You could see an adder and 2 jackals.

Vanquished Creatures
  A worm (D:2)
  4 bats (D:1)
  3 endoplasms (D:1)
  A giant cockroach (D:1)
  A hobgoblin (D:1)
  2 kobolds (D:1)
  2 quokkas (D:1)
  3 ball pythons
  6 goblins
  3 rats (D:1)
26 creatures vanquished.

Vanquished Creatures (collateral kills)
  An adder (D:2)
  A dart slug (D:1)
2 creatures vanquished.

Vanquished Creatures (others)
  2 goblins (D:2)
2 creatures vanquished.

Grand Total: 30 creatures vanquished

Notes
Turn   | Place    | Note
-------+----------+-------------------------------------------
     0 | D:1      | funkygono the Gargoyle Artificer began the quest for the
                  | Orb.
     0 | D:1      | Reached XP level 1. HP: 12/12 MP: 1/1
   278 | D:1      | Got the Incunabulum of Stones and Summoning
   374 | D:1      | Reached skill level 3 in Evocations
   374 | D:1      | Reached XP level 2. HP: 13/16 MP: 2/2
  1515 | D:1      | Reached skill level 1 in Dodging
  1699 | D:1      | Found Lareywy's Weapon Shoppe.
  1799 | D:1      | Reached XP level 3. HP: 5/20 MP: 3/3
  2070 | D:2      | Found a faded altar of an unknown god.
  2395 | D:2      | Slain by a jackal

Illustrated notes

Levels and vault maps discovered:
D:1:      evilmike_arrival_hilbert_curve, layout_loops_ring, serial_shops, shop
D:2:      layout_basic, ebering_ecumenical_altar_petrified, uniq_robin

Skill      XL: |  1  2 |
---------------+-------+-----
Evocations     | 3 |  3.2
Dodging        | 1 |  1.1
Fighting       | |  1.6
Maces & Flails | |  0.9
Armour         | |  2.7
Stealth        | |  1.1

Action                   || total
-------------------------++-------
Melee: Club              ||   161
Evoke: Wand              ||     7
       Piece from Xom's  ||     3
  Use: Scroll            ||     2
 Stab: Sleeping          ||     1
Armor: Leather armour    ||    71
       Ring mail         ||    69
Dodge: Dodged            ||   150

Table legend: (Time is in decaauts)
 A = Elapsed time spent in this place.
 B = Non-inter-level travel time spent in this place.
 C = Inter-level travel time spent in this place.
 D = Time resting spent in this place.
 E = Time spent auto-exploring this place.
 F = Levels seen in this place.
 G = Mean time per level.
                   A        B        C        D        E       F      G
               +--------+--------+--------+--------+--------+-----+--------+
         Total |   2440 |   2432 |      8 |      0 |   1989 |   2 | 1220.0 |
       Dungeon |   2440 |   2432 |      8 |      0 |   1989 |   2 | 1220.0 |
               +--------+--------+--------+--------+--------+-----+--------+

Top non-repeatable levels by time:
     D:1: 2081 daAuts
     D:2: 359 daAuts
